 Dungeon Crawl Stone Soup version 0.15-a0-183-gc0cdb55 (webtiles) character file.

3728 PolkaDot the Conjurer (level 9, -14/57 HPs)
             Began as a Vampire Conjurer on Apr 20, 2014.
             Was a Believer of Makhleb.
             Demolished by a wyvern (17 damage)
             ... on Level 8 of the Dungeon.
             The game lasted 00:44:19 (7700 turns).

PolkaDot the Conjurer (Vampire Conjurer)            Turns: 7700, Time: 00:44:20

HP -14/57        AC 10     Str  7      XL: 9   Next: 72%
MP   7/15        EV  9     Int 23      God: Makhleb [**....]
Gold 382         SH  7     Dex 14      Spells:  4 memorised,  2 levels left

rFire  . . .     SeeInvis +     l - +1,+2 short sword (venom)
rCold  + + +     Clarity  .     E - +0 leather armour "Mnomuiq" {rElec rC++}
rNeg   + + +     Conserve .     p - +0 buckler
rPois  +         rCorr    .     b - +2 helmet {Int+3}
rElec  +         rRot     +     u - +0 cloak
SustAb . .       Spirit   .     f - +0 pair of gloves
rMut   .         Warding  .     g - +1 pair of boots of the Swamp {Dam+5}
Saprov . . .     Stasis   .     (no amulet)
MR     .....                    (no ring)
                                i - ring of positive energy

@: regenerating slowly, about to teleport, not resistant to hostile
enchantments, fairly stealthy
A: bottle blood, fangs 3, see invisible, unbreathing
a: Bat Form, Bottle Blood, Minor Destruction, Renounce Religion


You were on level 8 of the Dungeon.
You worshipped Makhleb.
Makhleb was pleased with you.
You were thirsty.

You visited 2 branches of the dungeon, and saw 9 of its levels.

You collected 382 gold pieces.

Inventory:

Hand weapons
 l - a +1,+2 short sword of venom (weapon)
Armour
 b - a +2 helmet of intelligence (worn)
 f - a +0 pair of gloves (worn)
 g - the +1 pair of boots of the Swamp (worn) {Dam+5}
   (You found it on level 4 of the Dungeon)

   It affects your damage with ranged weapons and melee attacks (+5).
 p - a +0 buckler (worn)
 u - a +0 cloak (worn)
 E - the +0 leather armour "Mnomuiq" (worn) {rElec rC++}
   (You found it on level 7 of the Dungeon)

   It greatly protects you from cold.
   It insulates you from electricity.
Magical devices
 a - a wand of flame (11) {unknown}
 t - a wand of digging (16)
 x - a wand of invisibility (0)
 A - a wand of digging (9)
Scrolls
 d - a scroll of remove curse
 e - a scroll of blinking {unknown}
 o - a scroll of fear {unknown}
 r - a scroll of enchant armour {unknown}
 v - a scroll of teleportation
 w - a scroll of enchant weapon II {unknown}
 y - a scroll of amnesia {unknown}
 z - a scroll of magic mapping
 B - a scroll of random uselessness {unknown}
 C - a scroll of recharging {unknown}
 D - a scroll of enchant weapon I {unknown}
Jewellery
 i - a ring of positive energy (left hand)
Potions
 j - a potion of resistance
 k - a potion of restore abilities
 m - a potion of brilliance
 n - 5 potions of curing
 q - a potion of confusion {!q}
 s - 2 potions of poison {!q}
Books
 c - a book of Conjurations

   Spells                             Type                      Level
   *Magic Dart                        Conjuration                  1
   *Searing Ray                       Conjuration                  2
   *Dazzling Spray                    Conjuration/Hexes            3
   Fulminant Prism                    Conjuration/Hexes            4
   *Iskenderun's Mystic Blast         Conjuration                  4
   Iskenderun's Battlesphere          Conjuration/Charms           5


   Skills:
 - Level 2.1 Dodging
 - Level 3.0 Stealth
 + Level 2.4 Spellcasting
 * Level 10.9 Conjurations


You had 2 spell levels left.
You knew the following spells:

 Your Spells              Type           Power        Failure   Level  Hunger
a - Magic Dart            Conj           ####         1%          1    None
d - Iskenderun's Mystic   Conj           ######..     2%          4    ####...
s - Searing Ray           Conj           ######       1%          2    ##.....
S - Dazzling Spray        Conj/Hex       ####....     10%         3    ###....


Dungeon Overview and Level Annotations

Branches:
Dungeon (8/15)             Temple (1/1) D:4
   Lair: D:8-11

Altars:
Ashenzari
Cheibriados
Dithmenos
Elyvilon
Fedhas
Kikubaaqudgha
Makhleb
Nemelex Xobeh
Okawaru
Sif Muna
Trog
Vehumet
Xom
Yredelemnul
Zin
The Shining One

Shops:
D:5 :   D:6 :


Innate Abilities, Weirdness & Mutations

You heal slowly.
You can bottle blood from corpses.
You have razor-sharp teeth.*
You have supernaturally acute eyesight.
You can survive without breathing.*


Message History

You block the iguana's attack.
The orc wizard unwields an uncursed dagger.
The orc wizard drops an uncursed dagger.
The orc wizard picks up a flail.
The orc wizard wields a flail.
Drink which item? (? for menu, Esc to quit)
Okay, then.
There is a stone staircase leading down here.
An adder comes into view.
An orc comes into view. It is wielding a club.
Drink which item? (? for menu, Esc to quit)
You feel better. The iguana bites you!
* * * LOW HITPOINT WARNING * * *
The iguana barely misses you.
A wyvern comes into view.
The wyvern bites you.
* * * LOW HITPOINT WARNING * * *
Read which item? (? for menu, Esc to quit)
As you read the scroll of teleportation, it crumbles to dust.
You feel strangely unstable. The wyvern bites you!
You die...

.#....# #.#.# ##.####### .
......# #.#.# #........# ....
#.......#.#.# #........# .....
#.#.###.#.#.###........# .....
#.....
.#.........########...S..
#.......###.####..# #.........
#..............l..# #........ #
#.#######.#####l####....###+###
........<.....@D.......>.......
....####.######....#....###.###
.... #o..###.#....# #.#
#.#..#.#.#. #.###### #.# #
#.##.# .. #.# #.# #. ###. #.#
#.# ## #. #.# #.# .. ... #.# #
#.. #.#


You could see a wyvern and an iguana.

Vanquished Creatures
  2 hippogriffs
  Edmund (D:6)
  2 orc warriors
  2 ice beasts
  A phantom (D:5)
  A sky beast (D:7)
  A yellow wasp (D:7)
  3 ogres
  A black bear (D:7)
  A centaur (D:7)
  Duvessa (D:4)
  Blork the orc (D:6)
  A jelly (D:4)
  3 scorpions
  A quasit (D:5)
  4 killer bees (D:8)
  2 vampire bats (D:5)
  Dowan (D:4)
  2 goliath beetles
  An orc priest (D:6)
  A black bear zombie (D:8)
  Crazy Yiuf (D:3)
  2 gnoll shamans (D:4)
  4 hounds
  2 iguanas (D:6)
  6 worker ants
  An ogre skeleton (D:5)
  36 gnolls (D:4)
  A giant mite (D:2)
  An inept feature mimic (D:5)
  14 adders
  4 worms
  An adder skeleton (D:4)
  An orc skeleton (D:5)
  A giant eyeball (D:5)
  3 giant geckos
  11 orcs
  11 bats
  3 bat skeletons (D:5)
  3 bat zombies (D:5)
  15 goblins
  18 hobgoblins
  26 jackals
  4 quokkas
  A ball python (D:3)
  6 giant cockroaches
  3 giant newts
  A hobgoblin skeleton (D:6)
  14 kobolds
  12 rats
239 creatures vanquished.

Vanquished Creatures (others)
  An adder skeleton (D:7)
  A bat (D:7)
2 creatures vanquished.

Grand Total: 241 creatures vanquished

Notes
Turn   | Place    | Note
--------------------------------------------------------------
     0 | D:1      | PolkaDot, the Vampire Conjurer, began the quest for the Orb.
     0 | D:1      | Reached XP level 1. HP: 13/13 MP: 3/3
   170 | D:1      | Reached XP level 2. HP: 19/19 MP: 4/4
   443 | D:1      | Learned a level 2 spell: Searing Ray
  1188 | D:2      | Reached XP level 3. HP: 24/24 MP: 6/6
  1213 | D:2      | Reached skill level 4 in Conjurations
  1377 | D:2      | Reached XP level 4. HP: 21/30 MP: 4/7
  2354 | D:3      | Reached XP level 5. HP: 26/35 MP: 5/9
  2511 | D:3      | Reached skill level 5 in Conjurations
  2666 | D:3      | Noticed Crazy Yiuf
  2672 | D:3      | Killed Crazy Yiuf
  2964 | D:4      | Reached XP level 6. HP: 41/41 MP: 10/10
  2995 | D:4      | Found a staircase to the Ecumenical Temple.
  3001 | Temple   | Entered the Ecumenical Temple
  3487 | D:4      | Noticed Duvessa
  3487 | D:4      | Noticed Dowan
  3505 | D:4      | Killed Duvessa
  3505 | D:4      | Reached skill level 6 in Conjurations
  3516 | D:4      | Killed Dowan
  3622 | D:4      | Learned a level 3 spell: Dazzling Spray
  3886 | D:4      | Reached XP level 7. HP: 46/46 MP: 12/12
  4174 | D:4      | Noticed an ogre
  4202 | D:4      | Killed an ogre
  4202 | D:4      | Reached skill level 7 in Conjurations
  4594 | D:4      | Got a pair of warped boots
  4598 | D:4      | Identified the cursed +1 pair of boots of the Swamp {Dam+5} (You found it on level 4 of the Dungeon)
  4844 | D:5      | Entered Level 5 of the Dungeon
  4853 | D:5      | Reached XP level 8. HP: 47/52 MP: 13/13
  4859 | D:5      | Learned a level 4 spell: Iskenderun's Mystic Blast
  5052 | D:5      | Reached skill level 8 in Conjurations
  5229 | D:5      | Found Osus' Book Boutique.
  5410 | Temple   | Became a worshipper of Makhleb the Destroyer
  5855 | D:5      | Found an ancient bone altar of Kikubaaqudgha.
  5860 | D:5      | Reached skill level 9 in Conjurations
  6053 | D:6      | Noticed Edmund
  6066 | D:6      | Killed Edmund
  6066 | D:6      | Reached XP level 9. HP: 37/57 MP: 2/14
  6208 | D:6      | Acquired Makhleb's first power
  6224 | D:6      | Found Geavvoerr's Book Shoppe.
  6452 | D:6      | Noticed Blork the orc
  6462 | D:6      | Killed Blork the orc
  6844 | D:7      | Found a radiant altar of Vehumet.
  6926 | D:7      | Reached skill level 10 in Conjurations
  7185 | D:7      | Got a garnet-studded leather armour
  7197 | D:7      | Identified the +0 leather armour "Mnomuiq" {rElec rC++} (You found it on level 7 of the Dungeon)
  7364 | D:8      | Acquired Makhleb's second power
  7700 | D:8      | Demolished by a wyvern

Action                   |  1- 3 |  4- 6 |  7- 9 || total
-------------------------+-------+-------+-------++-------
Melee: Dagger            |    85 |   152 |   229 ||   466
       Unarmed           |     6 |       |       ||     6
       Short sword       |       |       |   107 ||   107
 Cast: Magic Dart        |    15 |     6 |     3 ||    24
       Searing Ray       |     7 |    16 |    43 ||    66
       Iskenderun's Myst |       |       |    20 ||    20
       Dazzling Spray    |       |       |     1 ||     1
Evoke: Wand              |       |     1 |     3 ||     4
  Use: Potion            |     1 |     1 |     8 ||    10
       Scroll            |       |     6 |     5 ||    11
 Stab: Sleeping          |     7 |     7 |    12 ||    26
       Invisible         |       |       |     1 ||     1
